 Dungeon Crawl Stone Soup version 0.31-a0-1237-gabc64e778c (webtiles) character file.

Game seed: 10708748837423453435

216 Lobster4 the Gusty (level 5, -4/30 HPs)
             Began as a Tengu Air Elementalist on Dec 15, 2023.
             Slain by a gnoll
             ... wielding a +0 flail
             ... led by a gnoll bouda
              (12 damage)
             ... on level 4 of the Dungeon on Dec 16, 2023.
             The game lasted 00:06:34 (3111 turns).

Lobster4 the Gusty (Tengu Air Elementalist)         Turns: 3111, Time: 00:06:35

Health: -4/30      AC:  2    Str:  8    XL:     5   Next: 93%
Magic:  3/9        EV: 13    Int: 17    God:
Gold:   115        SH:  0    Dex: 15    Spells: 3/9 levels left

rFire   . . .        s - +2 short sword of Proximity {speed, +Blink rElec}
rCold   . . .        (no shield)
rNeg    . . .        a - +0 robe
rPois   .            (helmet restricted)
rElec   +            (no cloak)
rCorr   .            (no gloves)
SInv    .            (boots unavailable)
Will    .....        (no amulet)
Stlth   ++           (no ring)
HPRegen 0.25/turn    (no ring)
MPRegen 0.11/turn

%: acrobat
@: no status effects
A: beak, talons 3, acrobatic
a: Evoke Blink


You were on level 4 of the Dungeon.
You visited 1 branch of the dungeon, and saw 4 of its levels.

You collected 115 gold pieces.

Inventory:

Hand Weapons
 c - a +0 short sword
 n - a +3 dagger
 s - the +2 short sword of Proximity (weapon) {speed, +Blink rElec}
   (You found it on level 3 of the Dungeon)

   rElec:     It insulates you from electricity.
   +Blink:    It lets you blink.
Missiles
 e - 23 stones
 k - 2 boomerangs
 p - 2 poisoned darts
Armour
 a - a +0 robe (worn)
 d - a +0 leather armour
Scrolls
 g - a scroll of blinking {unknown}
 h - a scroll of immolation {unknown}
 j - a scroll of enchant weapon {unknown}
 o - 2 scrolls of identify {unknown}
 q - a scroll of poison {unknown}
 r - a scroll of acquirement {unknown}
 u - a scroll of enchant armour {unknown}
Potions
 b - a potion of magic
 f - 2 potions of brilliance {unknown}
 i - a potion of mutation {unknown}
 l - 2 potions of haste {unknown}
 m - a potion of heal wounds {unknown}
 t - 2 potions of degeneration {unknown}


   Skills:
 + Level 1.6 Fighting
 + Level 0.0 Short Blades
 + Level 1.7 Armour
 + Level 2.9 Dodging
 - Level 2.0 Stealth
 + Level 1.8 Unarmed Combat
 + Level 2.5 Spellcasting
 + Level 2.8 Conjurations
 * Level 5.6 Air Magic
 + Level 0.0 Evocations


You had 3 spell levels left.
You knew the following spells:

 Your Spells              Type           Power      Damage    Failure   Level
a - Shock                 Conj/Air       64%        1d7       3%          1
b - Static Discharge      Conj/Air       32%        3-5/arc   4%          2
s - Swiftness             Air            21%        N/A       5%          3

Your spell library contained the following spells:

 Spells                   Type           Power      Damage    Failure   Level
 Stone Arrow              Conj/Erth      14%        3d7       30%         3
 Airstrike                Air            10%        2d(2-18)  19%         4
 Animate Armour           Summ/Erth      4%         N/A       88%         4
 Lehudib's Crystal Spear  Conj/Erth      3%         10d3      100%        8


Dungeon Overview and Level Annotations

Branches:
Dungeon (4/15)
 Temple: D:4-7

Altars:
Uskayaw

Shops:
D:2 [


Innate Abilities, Weirdness & Mutations

You have a beak for a mouth.
You have claws for feet.
You can magically evade attacks while moving or waiting.


Message History

The zap hits the gnoll bouda!
The gnoll bouda is heavily wounded.
The gnoll hits you with a +0 flail.
Casting: Shock (safe; 3% risk of failure)
Confirm with . or Enter, or press ? or * to list all spells.
Aiming: Shock (safe; 3% risk of failure)
Press: ? - help, Shift-Dir - straight line, f/p - gnoll
Aim: a gnoll, wielding a +0 flail (heavily wounded, covering ground quickly, 75% to hit)
The zap hits the gnoll.
The gnoll is heavily wounded.
The zap hits the gnoll bouda.
The gnoll bouda is almost dead.
The gnoll bouda calls upon its god to heal the gnoll.
The gnoll is healed somewhat.
The gnoll hits you with a +0 flail.
You hear a shout!
Casting: Shock (safe; 3% risk of failure)
Confirm with . or Enter, or press ? or * to list all spells.
Aiming: Shock (safe; 3% risk of failure)
Press: ? - help, Shift-Dir - straight line, f/p - gnoll
Aim: a gnoll, wielding a +0 flail (lightly wounded, covering ground quickly, 75% to hit)
The zap hits the gnoll.
The gnoll is heavily wounded.
The zap misses the gnoll bouda.
The gnoll bouda calls upon its god to heal the gnoll.
The gnoll's wounds heal themselves!
The gnoll hits you with a +0 flail!
* * * LOW HITPOINT WARNING * * *
You hear a shout!
Casting: Shock (safe; 3% risk of failure)
Confirm with . or Enter, or press ? or * to list all spells.
Aiming: Shock (safe; 3% risk of failure)
Press: ? - help, Shift-Dir - straight line, f/p - gnoll
Aim: a gnoll, wielding a +0 flail (covering ground quickly, 75% to hit)
The zap hits the gnoll.
The gnoll is lightly wounded.
The zap hits the gnoll bouda.
The gnoll bouda is almost dead.
The gnoll is no longer moving quickly.
The gnoll bouda calls upon its god to heal the gnoll.
The gnoll's wounds heal themselves!
The gnoll hits you with a +0 flail!
You die...

###............#
#.....#......#
#.....#_)....# ..
...#.#.#......#
..#.###.#........## ....
#.#.........## ..
.....8.8.8...##.# .>
#.##...........# .: #.
#######@##### .. #
#####g###.# .. ##
#....g....# .. ..
.?..###.....# .. #. ##
##....#.# ...####.###
##.g##g###
g..#(.....###..##....
............g...).....
....[.g........####.....


You could see a gnoll bouda and 3 gnolls.

Vanquished Creatures
  An orc priest (D:3)
  Jessica (D:3)
  Natasha (D:3)
  An orc wizard (D:3)
  A gnoll (D:4)
  4 adders
  2 dart slugs
  2 orcs (D:3)
  5 bats
  7 endoplasms
  3 giant cockroaches
  4 goblins
  6 hobgoblins
  4 jackals
  3 kobolds
  A quokka (D:2)
  5 ball pythons
  3 frilled lizards (D:2)
  6 rats
60 creatures vanquished.

Notes
Turn   | Place    | Note
-------+----------+-------------------------------------------
     0 | D:1      | Lobster4 the Tengu Air Elementalist began the quest for the
                  | Orb.
     0 | D:1      | Reached XP level 1. HP: 10/10 MP: 4/4
   229 | D:1      | Reached XP level 2. HP: 16/16 MP: 0/6
   238 | D:1      | Learned a level 2 spell: Static Discharge
   876 | D:1      | Reached XP level 3. HP: 19/20 MP: 1/7
  1310 | D:2      | Reached skill level 1 in Unarmed Combat
  1549 | D:2      | Reached skill level 1 in Armour
  1744 | D:2      | Reached XP level 4. HP: 24/24 MP: 5/8
  1833 | D:2      | Found Gelynits's Armour Shoppe.
  2205 | D:3      | Reached skill level 1 in Fighting
  2251 | D:3      | Noticed Jessica
  2254 | D:3      | Killed Jessica
  2255 | D:3      | Reached skill level 5 in Air Magic
  2423 | D:3      | Reached XP level 5. HP: 29/29 MP: 4/9
  2636 | D:3      | Identified the +2 short sword of Proximity {speed, +Blink
                  | rElec}
  2709 | D:3      | Noticed Natasha
  2714 | D:3      | Killed Natasha
  3023 | D:4      | Found a hide-covered altar of Uskayaw.
  3050 | D:4      | Learned a level 3 spell: Swiftness
  3111 | D:4      | Slain by a gnoll

Illustrated notes

Levels and vault maps discovered:
D:1:      dpeg_arrival_court, layout_loops_ring
D:2:      cheibrodos_old_hovel, layout_loops_cross, serial_shops,
          nicolae_shop_behind_doors, minmay_misc_feat_enclosed
D:3:      layout_rooms, uniq_natasha, uniq_jessica
D:4:      layout_rooms, eat_drink_and_be_merry_uskayaw,
          lemuel_mausoleum_altar_kikubaaqudgha, uniq_blork_the_orc

Skill      XL: |  1  2  3  4 |
---------------+-------------+-----
Conjurations   | 2 |  2.8
Unarmed Combat | 1 |  1.8
Armour         | 1 |  1.7
Fighting       | 1 |  1.6
Air Magic      | 5 |  5.6
Dodging        | |  2.9
Stealth        | |  2.0
Spellcasting   | |  2.5

Action                     |  1- 3 |  4- 6 || total
---------------------------+-------+-------++-------
   Cast: Shock             |    74 |    66 ||   140
         Static Discharge  |       |     3 ||     3
 Armour: Robe              |     7 |     8 ||    15
  Dodge: Dodged            |     6 |    13 ||    19

Table legend: (Time is in decaauts)
 A = Elapsed time spent in this place.
 B = Non-inter-level travel time spent in this place.
 C = Inter-level travel time spent in this place.
 D = Time resting spent in this place.
 E = Time spent auto-exploring this place.
 F = Levels seen in this place.
 G = Mean time per level.
                   A        B        C        D        E       F      G
               +--------+--------+--------+--------+--------+-----+--------+
         Total |   3109 |   3034 |     75 |    322 |   2363 |   4 |  777.2 |
       Dungeon |   3109 |   3034 |     75 |    322 |   2363 |   4 |  777.2 |
               +--------+--------+--------+--------+--------+-----+--------+

Top non-repeatable levels by time:
     D:1: 1208 daAuts
     D:2: 960 daAuts
     D:3: 815 daAuts
     D:4: 125 daAuts
